Map: Prion Terraces

Players

Miszu

  • Race: Protoss Protoss
  • League: Grandmaster

GhostShadow - Winner!

  • Race: Zerg Zerg
  • League: Master

VOD

Have the link to the VOD?

Description

Time

  • Played on: April 8, 2016, 6:30 p.m.
  • Length: 8:28
Show
View Real Time Build Order
Export as new Build Order

Miszu Protoss 

Build Orders: 1 Gate Expand 

Get SALT Encoding   

  12  0:01  Probe (Chrono Boost)  
  13  0:11  Probe (Chrono Boost)  
  14  0:18  Pylon  
  14  0:22  Probe (Chrono Boost)  
  15  0:36  Probe (Chrono Boost)  
  15  0:40  Gateway  
  16  0:47  Probe (Chrono Boost)  
  17  0:57  Probe (Chrono Boost)  
  18  1:12  Nexus  
  19  1:19  Assimilator  
  19  1:20  Probe (Chrono Boost)  
  19  1:29  Cybernetics Core  
  19  1:31  Cybernetics Core  
  19  1:35  Probe (Chrono Boost)  
  20  1:40  Assimilator  
  20  1:45  Probe (Chrono Boost)  
  21  1:51  Pylon  
  21  1:59  Probe (Chrono Boost)  
  22  2:09  Adept (Chrono Boost), Warp Gate (Chrono Boost)  
  22  2:10  Probe  
  26  2:22  Probe  
  26  2:24  Probe  
  26  2:29  Adept (Chrono Boost)  
  29  2:40  Mothership Core, Probe  
  32  2:52  Adept, Probe  
  35  3:09  Probe  
  36  3:19  Probe  
  37  3:21  Gateway, Probe  
  37  3:22  Adept, Gateway  
  37  3:23  Assimilator  
  37  3:25  Assimilator  
  40  3:32  Probe  
  40  3:33  Pylon, Probe  
  42  3:41  Stargate x2  
  42  3:44  Probe  
  42  3:45  Probe  
  44  3:50  Pylon  
  44  3:56  Probe  
  44  3:57  Probe  
  44  4:02  Adept  
  48  4:08  Probe  
  48  4:09  Probe  
  50  4:17  Adept  
  50  4:18  Adept  
  50  4:20  Probe  
  55  4:24  Probe  
  55  4:25  Adept  
  55  4:30  Phoenix (Chrono Boost)  
  60  4:37  Phoenix (Chrono Boost)  
  62  4:38  Pylon  
  62  4:41  Pylon  
  62  4:56  Probe x2  
  60  5:09  Probe  
  60  5:11  Phoenix x2 (Chrono Boost)  
  60  5:12  Adept x3  
  60  5:13  Probe  
  62  5:21  Robotics Facility, Probe  
  62  5:22  Robotics Facility  
  63  5:33  Phoenix x2 (Chrono Boost)  
  67  5:36  Pylon  
  67  5:48  Sentry x2  
  67  5:49  Zealot  
  73  6:10  Immortal x2  
  81  6:13  Adept x2  
  81  6:14  Pylon  
  85  6:33  Adept x3  
  85  6:35  Pylon  
  91  6:41  Gateway  
  91  6:42  Gateway  
  91  6:54  Sentry, Immortal x2  
  99  6:55  Pylon  
  101  7:09  Pylon  
  101  7:14  Pylon  
  101  7:17  Pylon  
  101  7:22  Adept  
  101  7:26  Gateway  
  101  7:29  Gateway  
  103  7:35  Adept  
  103  7:36  Adept  
  107  7:40  Observer, Warp Prism  
  110  7:45  Pylon  
  110  7:48  Pylon  
  110  7:54  Gateway  
  110  7:55  Gateway  
  110  7:57  Adept x2, Pylon  
  110  7:58  Adept  
Show
View Real Time Build Order
Export as new Build Order

GhostShadow Zerg - Winner!

Build Orders: 3 Hatch before Pool 

Get SALT Encoding   

  12  0:00  Drone  
  13  0:09  Drone  
  14  0:22  Extractor, Drone  
  14  0:24  Extractor, Drone  
  14  0:27  Overlord  
  16  0:48  Hatchery  
  15  0:52  Drone  
  15  0:55  Drone  
  17  0:59  Drone  
  18  1:05  Drone  
  19  1:23  Hatchery  
  19  1:24  Drone  
  19  1:28  Drone  
  20  1:41  Spawning Pool  
  20  1:42  Drone  
  20  1:48  Drone  
  21  1:59  Drone  
  22  2:04  Overlord  
  22  2:09  Extractor  
  22  2:10  Drone  
  22  2:12  Drone  
  23  2:26  Drone x2  
  23  2:28  Queen  
  23  2:29  Queen  
  29  2:32  Zergling x2  
  29  2:33  Zergling x2  
  29  2:35  Zergling x2  
  32  2:37  Queen  
  34  2:44  Zergling x2  
  34  2:45  Drone  
  34  2:46  Drone  
  37  2:53  Extractor, Drone  
  37  2:56  Drone  
  37  2:57  Drone  
  39  3:06  Drone x2  
  39  3:12  Extractor, Drone  
  41  3:14  Drone  
  41  3:19  Overlord x2  
  42  3:23  Metabolic Boost  
  42  3:28  Roach Warren  
  42  3:29  Drone  
  42  3:32  Drone, Evolution Chamber  
  42  3:38  Drone x3  
  45  3:41  Lair  
  45  3:47  Drone x2  
  45  3:48  Drone x2  
  48  3:52  Overlord  
  49  3:58  Zerg Missile Weapons Level 1  
  49  4:07  Spore Crawler, Drone x3  
  49  4:09  Roach x2  
  55  4:12  Spore Crawler  
  55  4:15  Drone x3  
  57  4:22  Roach x3  
  62  4:24  Roach  
  62  4:27  Roach  
  66  4:34  Overlord  
  66  4:35  Overlord  
  66  4:45  Glial Reconstitution  
  63  4:53  Roach x4  
  63  4:54  Roach x3  
  63  4:55  Roach x2  
  63  4:58  Roach  
  79  5:06  Roach  
  79  5:07  Roach  
  80  5:08  Overlord  
  75  5:24  Drone x2  
  75  5:25  Drone x5  
  82  5:38  Spore Crawler  
  82  5:40  Zergling x2  
  82  5:43  Overlord x2  
  82  5:44  Overlord x2  
  80  5:58  Zergling x4  
  80  6:04  Overlord  
  76  6:10  Zergling x2  
  76  6:11  Zergling x20, Hydralisk Den  
  80  6:21  Drone  
  80  6:22  Drone x2  
  80  6:23  Roach x2  
  83  6:26  Drone x3  
  83  6:27  Drone  
  86  6:38  Extractor  
  85  6:40  Extractor  
  85  6:41  Hydralisk  
  85  6:42  Hydralisk x2, Muscular Augments  
  85  6:45  Hydralisk  
  92  6:49  Hydralisk  
  92  6:53  Hydralisk  
  94  6:58  Hydralisk  
  94  6:59  Hydralisk  
  96  7:06  Hydralisk x3  
  98  7:16  Drone x3  
  98  7:17  Drone x3  
  104  7:27  Hydralisk  
  106  7:31  Hydralisk  
  108  7:37  Overlord  
  108  7:38  Zergling x8  
  108  7:39  Zergling x8  
  116  7:46  Extractor  
  116  7:47  Hydralisk x2  
  116  7:48  Hydralisk  
  121  7:52  Overlord x2  
Tags
 
Add a new tag
Caveats
  • Supply blocks, unpowered buildings, or Contaminate may cause inaccurate times.
  • Supply counts are checked every 10 seconds.